 Dungeon Crawl Stone Soup version 0.20.1-1-g8b1a95d (webtiles) character file.

133 Irenicus the Insei (level 5, 0/36 HPs)
             Began as an Octopode Chaos Knight on Oct 27, 2017.
             Hit by a tomahawk thrown by an orc (5 damage)
             ... on level 3 of the Dungeon.
             The game lasted 00:02:12 (1058 turns).

Irenicus the Insei (Octopode Chaos Knight)          Turns: 1058, Time: 00:02:13

Health: 0/36       AC:  1    Str: 11    XL:     5   Next: 16%
Magic:  5/5        EV: 13    Int: 14    God:    Xom [..*...]
Gold:   41         SH:  0    Dex: 13    Spells: 4/4 levels left

rFire    . . .     SeeInvis .     - Unarmed
rCold    . . .     Gourm    .   (no shield)
rNeg     . . .     Faith    .   (helmet restricted)
rPois    .         Spirit   .   (no amulet)
rElec    .         Reflect  .   (no ring)
rCorr    .         Harm     .   (no ring)
MR       .....                  (no ring)
Stlth    ++........             (no ring)
Regen    0.2/turn               (no ring)
MPRegen  0.1/turn               (no ring)
                                (no ring)
                                (no ring)

@: no status effects
A: almost no armour, stealthy swim, amphibious, 8 rings, constrict 8, camouflage
1, gelatinous body 1
a: Renounce Religion


You were on level 3 of the Dungeon.
You worshipped Xom.
You were a toy of Xom.
You were not hungry.

You visited 1 branch of the dungeon, and saw 3 of its levels.

You collected 41 gold pieces.

Inventory:

Jewellery
 b - a +2 ring of evasion {unknown}
Scrolls
 d - 2 scrolls of enchant weapon {unknown}
 e - 2 scrolls of identify {unknown}
 h - a scroll of amnesia {unknown}
 i - a scroll of remove curse {unknown}
 j - a scroll of immolation {unknown}
 k - a scroll of fear {unknown}
 l - 2 scrolls of magic mapping {unknown}
 m - a scroll of teleportation {unknown}
Potions
 c - a potion of curing {unknown}
 f - a potion of degeneration {unknown}
 g - a potion of might {unknown}
Comestibles
 a - 2 bread rations


   Skills:
 - Level 3.0 Fighting
 - Level 2.3 Dodging
 + Level 5.7 Unarmed Combat


You had 4 spell levels left.
You didn't know any spells.

Dungeon Overview and Level Annotations

Branches:
Dungeon (3/15)

Altars:


Innate Abilities, Weirdness & Mutations

You cannot wear most types of armour.
You are very stealthy in the water. (Stealth+)
You are amphibious.
You can wear up to eight rings at the same time.
You can use your tentacles to constrict eight enemies at once.
Your skin changes colour to match your surroundings (Stealth+).
Your rubbery body absorbs attacks. (AC +1, EV +1)


Message History

The orc priest mumbles some strange prayers to Beogh against you.
Beogh smites you!
* * * LOW HITPOINT WARNING * * *
An orc wizard comes into view. It is wielding a dagger.
The orc wizard shouts!
Throwing (i - inventory):
n - a javelin of penetration (quivered)
Press: ? - help, Shift-Dir - straight line, f/p - orc priest
Aim: an orc priest (severely wounded)
You throw a javelin of penetration.
The javelin of penetration pierces through the orc priest.
You kill the orc priest!
You have reached level 5!
You feel agile.
The javelin of penetration barely misses the orc.
The javelin of penetration pierces through the orc.
The orc is severely wounded.
The javelin of penetration pierces through the orc wizard.
The orc wizard is lightly wounded.
The orc throws a tomahawk.
The tomahawk hits you.
You die...

(.(....######
.o...>......
#o........#
#.........#
#.$o.>....######
#..............#
#.....†....###.##.#...
#.....@.....†.<......#
#......(......%##.##..
#..........#.......
#..........#.####.#
#.#+##+###.#.. .. #
#.#### ## #.# #..


You could see an orc wizard and 2 orcs.

Vanquished Creatures
  An orc priest (D:3)
  Jessica (D:2)
  Natasha (D:2)
  2 adders
  A dart slug (D:1)
  2 leopard geckos
  6 bats
  3 giant cockroaches
  2 goblins (D:1)
  5 hobgoblins
  A ball python (D:3)
  3 frilled lizards (D:1)
  2 kobolds (D:1)
  4 rats
34 creatures vanquished.

Notes
Turn   | Place    | Note
-------+----------+-------------------------------------------
     0 | D:1      | Irenicus the Octopode Chaos Knight began the quest for the Orb.
     0 | D:1      | Reached XP level 1. HP: 16/16 MP: 1/1
   159 | D:1      | Reached XP level 2. HP: 10/21 MP: 2/2
   419 | D:1      | Reached skill level 4 in Unarmed Combat
   439 | D:1      | Reached XP level 3. HP: 23/26 MP: 3/3
   524 | D:1      | XOM: silly message
   753 | D:2      | XOM: divination: detect creatures
   825 | D:2      | Noticed Natasha
   831 | D:2      | Killed Natasha
   878 | D:2      | Noticed Jessica
   885 | D:2      | Killed Jessica
   885 | D:2      | Reached skill level 5 in Unarmed Combat
   885 | D:2      | Reached XP level 4. HP: 18/31 MP: 4/4
   960 | D:2      | XOM: harmless Summ miscast
  1058 | D:3      | Reached XP level 5. HP: 5/36 MP: 5/5
  1058 | D:3      | Hit by a tomahawk thrown by an orc

Skill      XL: |  1  2  3 |
---------------+----------+-----
Unarmed Combat | 4 5 |  5.7
Fighting       | |  3.0
Dodging        | |  2.3

Action                   |  1- 3 |  4- 6 || total
-------------------------+-------+-------++-------
Melee: Unarmed           |    48 |    13 ||    61
       Constrict         |    14 |     4 ||    18
       Tentacles         |     2 |     3 ||     5
       Punch             |     2 |     1 ||     3
Throw: Javelin           |     7 |     5 ||    12
 Stab: Sleeping          |     7 |     3 ||    10
Armor: Skin              |     6 |       ||     6
Dodge: Dodged            |    24 |     8 ||    32
